 Dungeon Crawl Stone Soup version 0.28.0-53-g5a82cb258f (webtiles) character file.

Game seed: 5990370894756463139

47 cbfl8 the Skirmisher (level 3, -4/51 HPs)
             Began as a Minotaur Berserker on July 26, 2022.
             Was a Believer of Trog.
             Slain by Jessica
             ... wielding a +6 dagger of venom
              (5 damage)
             ... on level 2 of the Dungeon.
             The game lasted 00:00:55 (1676 turns).

cbfl8 the Skirmisher (Minotaur Berserker)           Turns: 1676, Time: 00:00:56

Health: -4/51      AC:  5    Str: 21    XL:     3   Next: 48%
Magic:  2/2        EV: 11    Int:  4    God:    Trog [**....]
Gold:   75         SH:  0    Dex: 11    Spells: 2/2 levels left

rFire   + . .      SeeInvis .   a - +0 hand axe
rCold   x . .      Faith    .   (no shield)
rNeg    . . .      Spirit   .   g - +0 ring mail
rPois   .          Reflect  .   (helmet restricted)
rElec   .          Harm     .   (no cloak)
rCorr   .          Rampage  .   (no gloves)
Will    .....                   (no boots)
Stlth   ..........              (no amulet)
HPRegen 0.17/turn               f - ring of fire
MPRegen 0.08/turn               (no ring)

@: berserking, lethally poisoned (-4 -> -35), very quick
A: horns 2, retaliatory headbutt
a: Renounce Religion, Berserk, Trog's Hand


You were on level 2 of the Dungeon.
You worshipped Trog.
Trog was pleased with you.
You visited 1 branch of the dungeon, and saw 2 of its levels.

You collected 75 gold pieces.

Inventory:

Hand Weapons
 a - a +0 hand axe (weapon)
Armour
 b - a +0 animal skin
 g - a +0 ring mail (worn)
Jewellery
 f - a ring of fire (left hand)
Scrolls
 c - a scroll of vulnerability {unknown}
 d - 2 scrolls of teleportation {unknown}
 e - a scroll of identify {unknown}
 i - a scroll of magic mapping {unknown}
 j - a scroll of fog {unknown}
Potions
 h - a potion of haste {unknown}


   Skills:
 * Level 4.3 Fighting
 + Level 4.2 Axes
 + Level 2.6 Armour
 * Level 2.8 Dodging
 * Level 0.3 Stealth


You had 2 spell levels left.
You didn't know any spells.
Your spell library was empty.

Dungeon Overview and Level Annotations

Branches:
Dungeon (2/15)

Altars:

Annotations:
D:2 Jessica


Innate Abilities, Weirdness & Mutations

You have a pair of horns on your head.
You reflexively headbutt those who attack you in melee.


Message History

You kill the rat!
Trog accepts your kill.
Key pressed, stopping explore.
No target in view!
You see here a rat corpse.
Jessica the Apprentice Sorceress comes into view.
She is wielding a +6 dagger of venom.
Jessica is nearby!
Jessica is nearby!
Jessica mumbles some strange words.
Jessica blinks!
Jessica is nearby!
Jessica is nearby!
Jessica is nearby!
Jessica mumbles some strange words.
Jessica seems to speed up.
Jessica is nearby!
You closely miss Jessica.
Jessica hits you with a +6 dagger of venom!
You are poisoned.
Jessica is nearby!
You barely miss Jessica.
You feel very sick. Jessica hits you but does no damage.
Jessica hits you with a +6 dagger of venom.
You are lethally poisoned!
There is a lethal amount of poison in your body!
You barely miss Jessica.
You feel very sick.
Jessica hits you with a +6 dagger of venom.
* * * LOW HITPOINT WARNING * * *
You are more poisoned.
Jessica hits you with a +6 dagger of venom.
* * * LOW HITPOINT WARNING * * *
You are more poisoned.
A red film seems to cover your vision as you go berserk!
You feel yourself moving faster!
You feel mighty!
* * * LOW HITPOINT WARNING * * *
You feel extremely sick.
Jessica hits you with a +6 dagger of venom.
You die...

.....#.#...## #
.....#....## #.#
'#####...## #.#
.#####..## #^#
.......## #.#
######## #.#
########### #.#
#.........# #@#
####.##....#.###@#
......#.##<#...#.#
#######.##.###.#.#
.....)...#.# #.#.#
...####..#.# #.#.#
...####..#.###.#.#
...'..#........#.#
...##.#..#######.###
...##........#.....#


You could see Jessica (fast).

Vanquished Creatures
  A gnoll (D:1)
  2 dart slugs (D:2)
  5 ball pythons
  2 bats (D:1)
  2 endoplasms
  3 giant cockroaches (D:1)
  2 goblins (D:2)
  5 hobgoblins
  A kobold (D:1)
  A quokka (D:1)
  A frilled lizard (D:1)
  6 rats
31 creatures vanquished.

Notes
Turn   | Place    | Note
-------+----------+-------------------------------------------
     0 | D:1      | cbfl8 the Minotaur Berserker began the quest for the Orb.
     0 | D:1      | Reached XP level 1. HP: 19/19 MP: 0/0
    90 | D:1      | Reached XP level 2. HP: 27/27 MP: 1/1
   855 | D:1      | Reached XP level 3. HP: 31/33 MP: 2/2
  1343 | D:2      | Found a faded altar of an unknown god.
  1480 | D:2      | Reached ** piety under Trog
  1666 | D:2      | Noticed Jessica
  1676 | D:2      | HP: 1/51 [poisoned by Jessica]
  1676 | D:2      | Slain by Jessica

Illustrated notes

Levels and vault maps discovered:
D:1:      minmay_arrival_four_loops, layout_basic, ebering_dispersal_statue_hall
D:2:      layout_basic, hellmonk_ecumenical_altar_crossroads, uniq_jessica

Skill      XL: |  1  2 |
---------------+-------+-----
Fighting       | 4 |  4.3
Axes           | 4 |  4.2
Armour         | |  2.6
Dodging        | |  2.8
Stealth        | |  0.3

Action                   || total
-------------------------++-------
Melee: Hand axe          ||    46
       Headbutt          ||    11
Invok: Berserk           ||     1
Armor: Animal skin       ||    13
       Ring mail         ||     1
Dodge: Dodged            ||    27
